AoeStats
← isodam

Migration

505012288Analyzed
1v1 RM · 25d ago on Sep 7, 2026· 70m 7s· 2 players
Game mode
Random Map
Map size
132×132
Population
200
Speed
Normal
Resources
Standard
Victory
Conquest
Starting age
Dark Age
Ending age
Imperial Age
RankedLock teamsTeams togetherTeam positionsShared explorationLock speedFull tech treeHidden civsTurbo modeCheats
Victory
Defeat
🇨🇳 Portuguese · China
611
+16
🇫🇷 Britons · France
603
-16
isodam
0:38 Loom
10:43 Feudal Age
11:16 Double-Bit Axe
11:23 Gold Mining
11:16 Horse Collar
12:00 Stone Mining
12:37 Town Watch
17:36 Wheelbarrow
22:35 Castle Age
24:07 Gold Shaft Mining
23:45 Bow Saw
23:38 Heavy Plow
23:58 Hand Cart
24:26 Town Patrol
33:45 Husbandry
38:13 Imperial Age
41:54 Masonry
42:05 Ballistics
42:46 Chemistry
41:58 Fortified Wall
41:35 Treadmill Crane
43:02 Chemistry
42:12 Fortified Wall
42:23 Ballistics
43:16 Cavalier
43:17 Light Cavalry
43:27 Elite Longbowman
44:28 Yeomen
44:09 Warwolf
44:29 Conscription
44:46 Hoardings
46:24 Scale Barding Armor
46:19 Padded Archer Armor
46:10 Fletching
46:54 Architecture
46:22 Murder Holes
46:31 Scale Mail Armor
46:47 Forging
reality
12:06 Loom
15:40 Feudal Age
19:25 Castle Age
17:37 Fishing Lines
18:46 Double-Bit Axe
20:43 Bow Saw
20:26 Gold Mining
20:27 Stone Mining
20:30 Gillnets
21:13 Horse Collar
22:14 Wheelbarrow
22:17 Stone Shaft Mining
24:46 Hand Cart
24:17 Town Watch
24:56 Fletching
26:30 Crossbowman
27:15 Thumb Ring
27:06 Bodkin Arrow
26:36 Elite Skirmisher
26:39 Pikeman
27:25 Padded Archer Armor
29:50 Circumnavigation
33:25 Imperial Age
32:12 Medium Warships
34:01 Arbalester
34:53 Town Patrol
35:21 Guilds
36:07 Heavy Warships
35:02 Elite Caravel
37:11 Conscription
36:53 Bracer
39:58 Two-Man Saw
41:10 Block Printing
41:06 Redemption
42:35 Chemistry
41:58 Ballistics
41:19 Treadmill Crane
41:44 Siege Engineers
41:49 Masonry
41:36 Murder Holes
41:32 Heated Shot
41:48 Siphons
41:53 Clinker Construction
41:54 Careening
43:56 Heavy Plow
45:34 Bombard Tower
45:06 Guard Tower
45:48 Architecture
44:53 Man-at-Arms
45:19 Gambesons
45:20 Arson
44:58 Pikeman
45:57 Leather Archer Armor
45:53 Forging
45:43 Scale Mail Armor
48:43 Arquebus
49:10 Chain Mail Armor
49:30 Iron Casting
49:26 Ring Archer Armor
50:49 Plate Mail Armor
51:25 Keep
51:11 Carvel Hull
51:11 Dry Dock
52:04 Dry Dock
51:57 Fortified Wall
54:45 Blast Furnace
53:51 Scale Barding Armor
57:56 Elite Cannon Galleon
58:50 Sappers
58:40 Elite Organ Gun
Connection lost

Rejoining the realm…

Still unreachable

The connection could not be restored.

Session expired

The server has moved on; the page needs a fresh start.